[Event "Team 45 45 League T77"]
[Site "Internet Chess Club"]
[Date "2018.07.15"]
[Round "4"]
[White "room-matt"]
[Black "backrankbrawler"]
[Result "1-0"]
[WhiteElo "1834"]
[BlackElo "1714"]
[Opening "French: Burn variation"]
[ECO "C11"]
[Time "05:35:07"]
[TimeControl "2700+45"]

1. d4 Nf6 2. Nc3 d5 3. Bg5 e6 4. e4 dxe4 5. Nxe4 Nbd7 6. Nxf6+ Nxf6 7. Nf3 h6 8.
Bh4 c5 9. c3 Be7 10. Bc4 O-O 11. O-O a6 12. a4 b6 13. Qe2 Bb7 14. Rfd1 Qc7 15.
Bg3 Qc6 16. dxc5 Bxc5 17. b4 Be7 18. Be5 Rac8 19. Bxa6 Nd5 20. Nd4 Nxc3 21. Qg4
Qxg2+ 22. Qxg2 Bxg2 23. Kxg2 Ra8 24. Rd3 Bxb4 25. Bb5 Nxb5 26. Nxb5 f6 27. Bd6
Bxd6 28. Rxd6 e5 29. Rxb6 Ra5 30. Nc7 Rc8 31. Rb7 Kh7 32. Ne6 Kg6 33. Rxg7+ Kf5
34. Nc7 Ra7 35. Ne8 Rxg7+ 36. Nxg7+ Kg5 37. Kf3 f5 38. Rg1+ Kf6 39. Nh5+ Ke6
{Black resigns} 1-0

[Event "Team 45 45 League T77"]
[Site "Internet Chess Club"]
[Date "2018.07.15"]
[Round "4"]
[White "justice02"]
[Black "LinceHispano44"]
[Result "0-1"]
[WhiteElo "1610"]
[BlackElo "1694"]
[Opening "French: advance, Paulsen attack"]
[ECO "C02"]
[Time "15:00:54"]
[TimeControl "2700+45"]

1. e4 e6 2. d4 d5 3. e5 c5 4. c3 Nc6 5. Nf3 Nge7 6. h4 cxd4 7. cxd4 Nf5 8. g4
Nfe7 9. Nc3 h5 10. Nb5 Ng6 11. Bd3 hxg4 12. Bxg6 gxf3 13. Bd3 a6 14. Nd6+ Bxd6
15. exd6 Qxd6 16. Qxf3 Qb4+ 17. Kf1 Qxd4 18. Rg1 Ne5 19. Qg3 Qxd3+ 20. Qxd3 Nxd3
21. Be3 Rxh4 22. Ke2 Nf4+ 23. Kf3 Ng6 24. Rac1 Rc4 25. Rcd1 Bd7 26. b3 Rc2 27.
a4 Rb2 28. Bd4 Rxb3+ 29. Kg4 e5+ {White resigns} 0-1

[Event "Team 45 45 League T77"]
[Site "Internet Chess Club"]
[Date "2018.07.14"]
[Round "4"]
[White "Duguesclin"]
[Black "tightfist"]
[Result "0-1"]
[WhiteElo "1497"]
[BlackElo "1477"]
[Opening "Queen's pawn game"]
[ECO "E00"]
[Time "13:01:37"]
[TimeControl "2700+45"]

1. d4 Nf6 2. c4 e6 3. a3 c5 4. e3 d5 5. Nf3 Nc6 6. Nc3 cxd4 7. exd4 dxc4 8. Bxc4
Be7 9. O-O O-O 10. Be3 a6 11. b4 b5 12. Ba2 Bb7 13. Rc1 Nd5 14. Ne4 Nxe3 15.
fxe3 Nxb4 16. Nc5 Bxc5 17. Rxc5 Nxa2 18. Qc2 Rc8 19. Rxc8 Qxc8 20. Qxa2 Qc3 21.
Kf2 Bd5 22. Qa1 Rc8 23. Re1 g6 24. Qxc3 Rxc3 25. e4 Bc4 26. Re3 Rc2+ 27. Kg3 Bf1
28. Ne1 Rc1 29. Kf2 Bc4 30. Nd3 Rc3 31. Nc5 Rxe3 32. Kxe3 a5 33. a4 bxa4 34.
Nxa4 Bb5 35. Nc3 Bd7 36. h4 h5 37. Kd3 f6 38. d5 exd5 39. Nxd5 Kf7 40. Kc4 Bc6
41. Nc3 Ke6 42. Kc5 Bd7 43. g3 Ke5 44. Kc4 g5 45. hxg5 fxg5 46. Nd5 Be6 47. Kc5
h4 48. gxh4 gxh4 49. Ne3 a4 50. Kb4 Bb3 51. Ng2 h3 52. Ne3 Kxe4 53. Ng4 Kf3 54.
Nh2+ Kg3 {White resigns} 0-1

[Event "Team 45 45 League T77"]
[Site "Internet Chess Club"]
[Date "2018.07.15"]
[Round "4"]
[White "bradleyguo175"]
[Black "MovingDutchman"]
[Result "1/2-1/2"]
[WhiteElo "1838"]
[BlackElo "2146"]
[Opening "Dutch defense, Rubinstein variation"]
[ECO "A40"]
[Time "19:03:51"]
[TimeControl "2700+45"]

1. d4 e6 2. c4 f5 3. Nc3 Nf6 4. g3 c5 5. e3 Nc6 6. Bg2 g6 7. Nge2 Bg7 8. dxc5
Qa5 9. O-O Qxc5 10. b3 Qa5 11. Bb2 O-O 12. Nb5 d5 13. Bc3 Qb6 14. Nf4 dxc4 15.
bxc4 Rd8 16. Qb3 a6 17. Nd4 Qxb3 18. axb3 Ne4 19. Nxc6 bxc6 20. Bxg7 Kxg7 21.
Rfd1 Rxd1+ 22. Rxd1 Kf6 23. Bxe4 fxe4 24. Rd8 a5 25. Ne2 Ke7 26. Rh8 Kd6 27. Nc3
Kc5 28. Nxe4+ Kb4 29. Nd2 Kc3 30. Rd8 Bb7 31. Rd7 Bc8 32. Rd8 e5 33. f3 Bb7 34.
Rd7 Bc8 35. Rd8 {Game drawn by mutual agreement} 1/2-1/2

[Event "Team 45 45 League T77"]
[Site "Internet Chess Club"]
[Date "2018.07.14"]
[Round "4"]
[White "kllrchris"]
[Black "Yedixon"]
[Result "1-0"]
[WhiteElo "1634"]
[BlackElo "1694"]
[Opening "Pirc: Ufimtsev-Pytel variation"]
[ECO "B07"]
[Time "21:07:24"]
[TimeControl "2700+45"]

1. e4 d6 2. d4 Nf6 3. Nc3 c6 4. f4 Qa5 5. Bd3 e5 6. Nf3 exd4 7. Nxd4 g6 8. O-O
Bg7 9. Kh1 O-O 10. f5 Nbd7 11. Qe1 Re8 12. Qh4 Qe5 13. Nf3 Qe7 14. Bg5 b5 15.
fxg6 fxg6 16. e5 dxe5 17. Rae1 Qd6 18. Rd1 Qc7 19. Bxb5 cxb5 20. Nxb5 Qb6 21.
Nd6 Re6 22. Qc4 Nf8 23. Nxc8 Qb7 24. Nd6 Qb6 25. Nxe5 Rd8 26. Nc8 Rxc8 27. Qxc8
Rxe5 28. Qc4+ Qe6 29. Qxe6+ Rxe6 30. c4 Ne4 31. Bc1 Ra6 32. a3 Rc6 33. b3 Nc5
34. b4 Nb3 35. c5 Nxc1 36. Rxc1 Ne6 37. Rce1 Bb2 38. b5 Rxc5 39. Rxe6 Bxa3 40.
Re8+ Kg7 41. Re7+ Kh6 42. Rxa7 Bb4 43. Rb7 Rh5 44. g3 Bd6 45. Kg2 Rc5 46. Rff7
{Black resigns} 1-0

[Event "Team 45 45 League T77"]
[Site "Internet Chess Club"]
[Date "2018.07.16"]
[Round "4"]
[White "Beetlejuice"]
[Black "Manon"]
[Result "0-1"]
[WhiteElo "1701"]
[BlackElo "1824"]
[Opening "Queen's gambit declined"]
[ECO "D30"]
[Time "13:02:17"]
[TimeControl "2700+45"]

1. d4 d5 2. c4 e6 3. Nf3 Nf6 4. g3 Nbd7 5. Bg2 dxc4 6. Qc2 b5 7. a4 c6 8. axb5
cxb5 9. O-O Bb7 10. Nc3 b4 11. Na4 Rc8 12. Bg5 Be7 13. Rfd1 O-O 14. Bxf6 Bxf6
15. e4 b3 16. Qe2 Qc7 17. Nc3 a6 18. e5 Be7 19. Ne4 Rfe8 20. Rdc1 Qb6 21. Ned2
c3 22. Rxc3 Rxc3 23. bxc3 a5 24. Nb1 Rc8 25. Qb2 f6 26. exf6 gxf6 27. Nfd2 Bxg2
28. Kxg2 a4 29. f3 Qc6 30. Ne4 f5 31. Ned2 Nb6 32. Kf2 e5 33. dxe5 Nc4 34. Nxc4
Qxc4 35. Qd2 Rd8 36. Qe1 Bc5+ 37. Kg2 b2 {White resigns} 0-1

[Event "Team 45 45 League T77"]
[Site "Internet Chess Club"]
[Date "2018.07.13"]
[Round "4"]
[White "WillC"]
[Black "Zugzwanged"]
[Result "1-0"]
[WhiteElo "1709"]
[BlackElo "1718"]
[Opening "Queen's pawn game, Rubinstein (Colle-Zukertort) variation"]
[ECO "A46"]
[Time "12:31:32"]
[TimeControl "2700+45"]

1. d4 Nf6 2. Nf3 e6 3. b3 c5 4. e3 d5 5. Bd3 Nc6 6. O-O Bd6 7. Bb2 O-O 8. a3 b6
9. Nbd2 Bb7 10. Qe2 Rc8 11. Rac1 Qe7 12. dxc5 Bxc5 13. b4 Bd6 14. c4 dxc4 15.
Nxc4 Bb8 16. Rfd1 Rfd8 17. b5 Na5 18. Nxa5 bxa5 19. Bb1 Bd5 20. Nd4 Ne4 21. Nc6
Bxc6 22. Rxd8+ Rxd8 23. Rxc6 Nf6 24. g3 Bc7 25. Bxf6 gxf6 26. Qc2 f5 27. Rxc7
Qxa3 28. Rc8 Rxc8 29. Qxc8+ Kg7 30. Qc2 Qb4 31. Qd3 Kf8 32. Qd8+ Kg7 33. Qd4+
Qxd4 34. exd4 Kf6 35. f4 a4 36. Kf2 Ke7 37. Ke3 Kd6 38. Kd3 f6 39. Kc4 e5 40.
dxe5+ fxe5 41. fxe5+ Kxe5 42. Kb4 f4 43. gxf4+ Kxf4 44. Bxh7 Kg4 45. Kxa4 Kh3
46. Ka5 Kxh2 47. Ka6 {Black resigns} 1-0

[Event "Team 45 45 League T77"]
[Site "Internet Chess Club"]
[Date "2018.07.14"]
[Round "4"]
[White "SlimeDog2"]
[Black "texasnurse"]
[Result "0-1"]
[WhiteElo "2019"]
[BlackElo "2134"]
[Opening "QGD Slav defense"]
[ECO "D10"]
[Time "15:00:56"]
[TimeControl "2700+45"]

1. d4 d5 2. c4 c6 3. Nc3 Nf6 4. e3 Bf5 5. cxd5 Nxd5 6. f3 Nxc3 7. bxc3 e5 8. Bc4
Bd6 9. Qb3 O-O 10. Qxb7 Nd7 11. Qxc6 Nb6 12. Ba6 exd4 13. cxd4 Nd5 14. Bd2 Bb4
15. e4 Qg5 16. Qxd5 Qxd2+ 17. Kf1 Be6 18. Qc6 Rac8 {White resigns} 0-1

[Event "Team 45 45 League T77"]
[Site "Internet Chess Club"]
[Date "2018.07.13"]
[Round "4"]
[White "MovingDutchman"]
[Black "ArturitoGalacti"]
[Result "1-0"]
[WhiteElo "2157"]
[BlackElo "1872"]
[Opening "Nimzovich-Larsen attack: Indian variation"]
[ECO "A01"]
[Time "16:01:30"]
[TimeControl "2700+45"]

1. b3 Nf6 2. Bb2 g6 3. g3 Bg7 4. Bg2 d5 5. c4 O-O 6. cxd5 Nxd5 7. Bxg7 Kxg7 8.
Nf3 Nc6 9. O-O e5 10. Nc3 Nxc3 11. dxc3 Be6 12. Qc2 Qe7 13. h4 h6 14. Rfd1 Rfd8
15. b4 Bc4 16. h5 g5 17. Nh2 Rxd1+ 18. Rxd1 Rd8 19. Rxd8 Qxd8 20. Ng4 Qd6 21.
Ne3 Be6 22. a3 a6 23. Bd5 Bc8 24. Ba2 Ne7 25. Bb1 f5 26. g4 f4 27. Qh7+ Kf8 28.
Bg6 Nxg6 29. hxg6 Qf6 30. Qxh6+ Qg7 31. Qxg5 Qe7 32. Qh5 Kg8 33. Nd5 {Black
resigns} 1-0

[Event "Team 45 45 League T77"]
[Site "Internet Chess Club"]
[Date "2018.07.11"]
[Round "4"]
[White "cysk"]
[Black "justice02"]
[Result "1-0"]
[WhiteElo "1788"]
[BlackElo "1623"]
[Opening "French: advance, Paulsen attack"]
[ECO "C02"]
[Time "22:00:59"]
[TimeControl "2700+45"]

1. e4 e6 2. d4 d5 3. e5 c5 4. c3 Nc6 5. Nf3 Qb6 6. a3 Nge7 7. b4 cxd4 8. cxd4
Nf5 9. Bb2 Be7 10. Bd3 g6 11. O-O Bd7 12. Nc3 Ncxd4 13. Nxd4 Nxd4 14. Na4 Bxa4
15. Qxa4+ Kf8 16. Rac1 Kg7 17. Qd7 Nc6 18. Rxc6 bxc6 19. Qxe7 Qd8 20. Qf6+ Qxf6
21. exf6+ Kg8 22. Ba6 h5 23. Bb7 Rb8 24. Bxc6 Kh7 25. Rc1 Rhc8 26. Bd4 a5 27.
Ba7 Rb7 28. Be3 Rxc6 29. Rxc6 axb4 30. axb4 Rxb4 31. Rc1 e5 32. Bc5 Rc4 33. Rxc4
dxc4 34. h4 g5 35. hxg5 Kg6 36. Be3 Kf5 37. Kf1 {Black resigns} 1-0

[Event "Team 45 45 League T77"]
[Site "Internet Chess Club"]
[Date "2018.07.15"]
[Round "4"]
[White "ascoli"]
[Black "Portola"]
[Result "1/2-1/2"]
[WhiteElo "1746"]
[BlackElo "1740"]
[Opening "French: advance, Euwe variation"]
[ECO "C02"]
[Time "12:00:43"]
[TimeControl "2700+45"]

1. e4 e6 2. d4 d5 3. e5 c5 4. c3 Nc6 5. Nf3 Bd7 6. a3 cxd4 7. cxd4 Nge7 8. b4 a6
9. Bd3 Ng6 10. O-O Be7 11. Nbd2 b5 12. Nb3 O-O 13. h3 Qb6 14. Re1 a5 15. Nc5
Bxc5 16. bxc5 Qb7 17. Rb1 b4 18. axb4 axb4 19. Qb3 Ra7 20. Bd2 Rb8 21. Rb2 Qa8
22. Reb1 Nge7 23. Qc2 h6 24. Bxb4 Ra1 25. Bc3 Rxb2 26. Qxb2 Ra2 27. Ra1 Rxa1+
28. Qxa1 Qxa1+ 29. Bxa1 Nb4 30. Bb1 Bb5 31. Bc3 Nec6 32. Ne1 Bc4 33. f4 Na6 34.
Kf2 Nc7 35. Ke3 Nb5 36. Bb2 Kf8 37. Bd3 Na5 38. Kd2 Nb3+ 39. Kc2 N3xd4+ 40. Bxd4
Nxd4+ 41. Kc3 Ne2+ 42. Bxe2 Bxe2 43. Kb4 Ke8 44. c6 Kd8 45. Kc5 Kc7 46. f5 d4
47. fxe6 fxe6 48. Kxd4 Kxc6 49. Nc2 Bf1 50. Ne3 Be2 51. g3 Bf3 52. Nc2 Bg2 53.
h4 Kd7 54. Kc5 Ke7 55. Nd4 Be4 56. Nc6+ Kd7 {Game drawn by mutual agreement}
1/2-1/2

[Event "Team 45 45 League T77"]
[Site "Internet Chess Club"]
[Date "2018.07.15"]
[Round "4"]
[White "HomerSimpson"]
[Black "Monterrey"]
[Result "0-1"]
[WhiteElo "1976"]
[BlackElo "1940"]
[Opening "Queen's pawn game"]
[ECO "D00"]
[Time "14:09:36"]
[TimeControl "2700+45"]

1. d4 Nf6 2. Nc3 d5 3. Bf4 Bf5 4. f3 c5 5. e3 Nc6 6. g4 Bg6 7. h4 h6 8. h5 Bh7
9. Bd3 Bxd3 10. Qxd3 e6 11. Nge2 a6 12. O-O-O c4 13. Qd2 b5 14. Ng3 b4 15. Nce2
c3 16. Qd3 Be7 17. e4 Rc8 18. Qxa6 cxb2+ 19. Kb1 Na5 20. g5 hxg5 21. Bxg5 Nc4
22. Rd3 Ra8 23. Qb5+ Kf8 24. Bxf6 gxf6 25. exd5 exd5 26. a4 bxa3 27. Ka2 Rb8 28.
Qc6 Rb6 29. Qa4 Rb4 30. Qa7 Qc8 31. Rc3 Rb7 32. Qa4 b1=Q+ 33. Rxb1 Rxb1 34. Kxb1
Qb8+ 35. Rb3 Nd2+ 36. Ka2 Nxb3 37. Qxb3 Qc7 38. c3 Rg8 39. Qxd5 Rxg3 40. Qa8+
Kg7 41. h6+ Kh7 42. Nxg3 Qxg3 43. Qe8 Qf2+ 44. Kb3 Qb2+ 45. Kc4 Qe2+ 46. Kb3
Qb2+ 47. Kc4 Qa2+ 48. Kd3 Qe6 49. c4 Bb4 50. Qa8 Qf5+ 51. Ke3 Kxh6 52. Qh8+ Kg6
53. Qg8+ Kh5 54. Qxf7+ Qg6 55. Qd7 Qg1+ 56. Ke4 Qg6+ 57. Ke3 Qg5+ 58. f4 Qg1+
59. Kf3 Qd1+ 60. Ke4 Qc2+ 61. Kf3 Qd3+ 62. Kg2 Kh4 63. Qg7 Qd2+ 64. Kf3 Qd3+ 65.
Kg2 Qe4+ 66. Kh2 Qxf4+ 67. Kg2 Qg4+ {White resigns} 0-1

[Event "Team 45 45 League T77"]
[Site "Internet Chess Club"]
[Date "2018.07.13"]
[Round "4"]
[White "a-man"]
[Black "ascoli"]
[Result "1-0"]
[WhiteElo "1744"]
[BlackElo "1735"]
[Opening "King's Indian: fianchetto, Uhlmann (Szabo) variation"]
[ECO "E62"]
[Time "12:01:02"]
[TimeControl "2700+45"]

1. d4 Nf6 2. Nf3 g6 3. g3 Bg7 4. Bg2 O-O 5. O-O d6 6. c4 Nc6 7. Nc3 e5 8. d5 Nb8
9. Bg5 h6 10. Be3 a5 11. Ne1 Na6 12. b3 Nd7 13. Qd2 Kh7 14. f4 exf4 15. Rxf4 Ne5
16. Nc2 Bd7 17. Raf1 Nc5 18. Bxc5 dxc5 19. Ne4 b6 20. Nf6+ Bxf6 21. Rxf6 Bf5 22.
R1xf5 gxf5 23. Qxh6+ Kg8 24. Rxf5 Ng6 25. Rh5 Re8 26. Qh7+ Kf8 27. Rf5 Qe7 28.
Qxg6 Qe3+ 29. Nxe3 {Black resigns} 1-0

[Event "Team 45 45 League T77"]
[Site "Internet Chess Club"]
[Date "2018.07.15"]
[Round "4"]
[White "ChessRooklift"]
[Black "THE-WARRIOR"]
[Result "1-0"]
[WhiteElo "1683"]
[BlackElo "1634"]
[Opening "French defense"]
[ECO "C00"]
[Time "14:00:57"]
[TimeControl "2700+45"]

1. e4 e6 2. Nc3 d5 3. exd5 exd5 4. d4 Nf6 5. Nf3 Bg4 6. h3 Bh5 7. Be2 Be7 8. O-O
O-O 9. Re1 c6 10. Bg5 Nbd7 11. a3 Re8 12. Nh4 Bxe2 13. Rxe2 Ne4 14. Bxe7 Rxe7
15. Nf5 Re6 16. Nxe4 dxe4 17. Qd2 Qf6 18. Ne3 Nb6 19. Rd1 Nd5 20. Ng4 Qf5 21.
Ne3 Qg6 22. Nxd5 cxd5 23. Re3 Rc8 24. Rde1 Qh6 25. Rc3 Rcc6 26. Rxc6 bxc6 27.
Qxh6 Rxh6 28. Re3 f5 29. Rb3 f4 30. Rb8+ Kf7 31. Rb7+ Kf6 32. Rxa7 Rg6 33. Kf1
f3 34. g3 Ke6 35. a4 Kd6 36. a5 Rh6 37. Ke1 Rxh3 38. Kd2 Rh1 39. Rxg7 Rf1 40.
Ke3 Re1+ 41. Kf4 c5 42. dxc5+ Kxc5 43. a6 Kb6 44. a7 Ra1 45. Rxh7 Kc5 46. g4 Kd6
47. c3 Kc5 48. g5 Kc4 49. g6 Kd3 50. g7 e3 51. g8=Q e2 52. Qxd5+ Kc2 53. Qe4+
{Black resigns} 1-0

[Event "Team 45 45 League T77"]
[Site "Internet Chess Club"]
[Date "2018.07.15"]
[Round "4"]
[White "Portola"]
[Black "edelgado"]
[Result "1-0"]
[WhiteElo "1746"]
[BlackElo "1477"]
[Opening "Dutch, 2.Bg5 variation"]
[ECO "A80"]
[Time "19:05:49"]
[TimeControl "2700+45"]

1. d4 f5 2. Bg5 g6 3. e3 Bg7 4. c3 Nf6 5. Nd2 O-O 6. Ngf3 d6 7. Bc4+ Kh8 8. Bxf6
Bxf6 9. Qb3 Nc6 10. Qc2 e5 11. dxe5 dxe5 12. O-O-O Qe7 13. Nb3 a5 14. a4 Be6 15.
Bxe6 Qxe6 16. Nc5 Qc8 17. Qb3 e4 18. Ne1 b6 19. Nd7 Rd8 20. Nxf6 Rxd1+ 21. Qxd1
{Black resigns} 1-0

[Event "Team 45 45 League T77"]
[Site "Internet Chess Club"]
[Date "2018.07.12"]
[Round "4"]
[White "pita"]
[Black "g8wrb"]
[Result "1-0"]
[WhiteElo "1370"]
[BlackElo "1348"]
[Opening "Catalan opening"]
[ECO "E00"]
[Time "12:00:34"]
[TimeControl "2700+45"]

1. d4 e6 2. c4 Nf6 3. g3 Bb4+ 4. Bd2 a5 5. Bg2 d5 6. Nf3 O-O 7. Bxb4 axb4 8.
Nbd2 Nc6 9. O-O Bd7 10. Qb3 Ra6 11. e3 Qe7 12. Qc2 Rfa8 13. Qb1 Na5 14. cxd5
exd5 15. Ne5 Bb5 16. Rc1 Nc6 17. Rc5 Be2 18. Bxd5 Nxd5 19. Rxd5 Nxe5 20. Rxe5
Qd7 21. Ne4 Rh6 22. h4 Bf3 23. Nd2 Bc6 24. Qf5 Rxh4 25. gxh4 {Black resigns} 1-0

[Event "Team 45 45 League T77"]
[Site "Internet Chess Club"]
[Date "2018.07.11"]
[Round "4"]
[White "AboardBuffalo"]
[Black "Ajolote"]
[Result "0-1"]
[WhiteElo "1529"]
[BlackElo "1779"]
[Opening "Robatsch (modern) defense"]
[ECO "B34"]
[Time "11:01:09"]
[TimeControl "2700+45"]

1. e4 g6 2. d4 Bg7 3. Nf3 c5 4. Nc3 cxd4 5. Nxd4 Nc6 6. Be3 d6 7. Bb5 Bd7 8. O-O
Nf6 9. Qd2 O-O 10. Nxc6 bxc6 11. Be2 Qc7 12. Rad1 Rab8 13. b3 a5 14. f4 Ng4 15.
Bxg4 Bxg4 16. Rde1 Rbd8 17. h3 Bc8 18. Na4 c5 19. Nc3 e6 20. Nb5 Qb6 21. a4 Bb7
22. Bf2 d5 23. e5 Ba6 24. b4 axb4 25. Qxb4 d4 26. Qb3 Rb8 27. Rb1 Bh6 28. Bg3
Rfd8 29. Rfd1 d3 30. Nd6 Qxb3 31. cxb3 Rb4 32. Kf2 Bf8 33. Ke3 Bxd6 34. exd6
Rxd6 35. f5 Rd5 36. fxe6 fxe6 37. Kd2 Rg5 38. Bd6 Rxg2+ 39. Ke3 Re2+ 40. Kf3
Bb7+ 41. Kg3 Rg2# {White checkmated} 0-1

[Event "Team 45 45 League T77"]
[Site "Internet Chess Club"]
[Date "2018.07.13"]
[Round "4"]
[White "Insan996"]
[Black "ChessPlayer2005"]
[Result "1-0"]
[WhiteElo "1650"]
[BlackElo "1511"]
[Opening "Giuoco Pianissimo: Italian four knights variation"]
[ECO "C50"]
[Time "19:08:20"]
[TimeControl "2700+45"]

1. e4 e5 2. Nf3 Nc6 3. Bc4 Bc5 4. Nc3 Nf6 5. d3 h6 6. O-O O-O 7. Bd2 a6 8. a4 d6
9. Nd5 Be6 10. Nxf6+ Qxf6 11. Bxe6 fxe6 12. c3 d5 13. exd5 exd5 14. Qb3 Rfd8 15.
Be3 Na5 16. Qc2 Bxe3 17. fxe3 Qd6 18. d4 e4 19. Ne5 Rf8 20. c4 Nxc4 21. Nxc4
dxc4 22. Qxc4+ Kh8 23. Rac1 Rxf1+ 24. Rxf1 Qd7 25. Rf7 Qg4 26. Qxc7 Rc8 27. Qg3
Rc1+ 28. Rf1 Rxf1+ 29. Kxf1 Qd1+ 30. Qe1 Qxa4 31. Qc3 Qb5+ 32. Kf2 Kh7 33. b4
Qf5+ 34. Kg3 h5 35. Qc7 Qg6+ 36. Kf2 Qf5+ 37. Ke1 Qg5 38. Kf2 Qf5+ 39. Kg1 Qg4
40. Qc2 Qg5 41. Qxe4+ Qg6 42. Qxb7 Qb1+ 43. Kf2 Qc2+ 44. Kf3 Qf5+ 45. Ke2 Qc2+
46. Ke1 Qc1+ 47. Kf2 Qc2+ 48. Kg3 Qg6+ 49. Kf4 Qg4+ 50. Ke5 Qg5+ 51. Kd6 Qg6+
52. Kc7 Qf7+ 53. Kb6 Qe6+ 54. Qc6 Qxe3 55. Qd5 Qh6+ 56. Ka5 Qf4 57. Qe5 Qf1 58.
Qxh5+ Kg8 59. Qd5+ Kh7 60. Kb6 Qf6+ 61. Kc5 Qe7+ 62. Qd6 Qg5+ 63. Kb6 Qb5+ 64.
Ka7 a5 65. bxa5 Qxa5+ 66. Kb7 Qb5+ 67. Kc7 Qa5+ 68. Qb6 Qc3+ 69. Qc5 Qa5+ 70.
Qxa5 Kh6 71. d5 Kh5 72. d6+ Kh6 73. d7 g5 74. d8=Q g4 75. Qag5+ Kh7 76. Qde7+
{Black resigns} 1-0

[Event "Team 45 45 League T77"]
[Site "Internet Chess Club"]
[Date "2018.07.15"]
[Round "4"]
[White "learnedberry1"]
[Black "JPSVI"]
[Result "1-0"]
[WhiteElo "1519"]
[BlackElo "1298"]
[Opening "French: Fort Knox variation"]
[ECO "C03"]
[Time "20:00:43"]
[TimeControl "2700+45"]

1. e4 e6 2. d4 d5 3. Nd2 dxe4 4. Nxe4 Bd7 5. Nf3 Bc6 6. Bd3 Nd7 7. O-O Ngf6 8.
Nxf6+ Qxf6 9. Be2 h6 10. Be3 Bd6 11. c4 b6 12. Qc2 O-O 13. c5 bxc5 14. dxc5 Be5
15. Nxe5 Nxe5 16. Rad1 Rfd8 17. Rxd8+ Rxd8 18. Rd1 Rxd1+ 19. Bxd1 Qd8 20. Qd2
Qxd2 21. Bxd2 Nd3 22. b4 e5 23. Bc2 e4 24. a3 Bb5 25. Bb3 Kf8 26. Bd5 f5 27. Be6
g6 28. Bxh6+ Ke7 29. Bb3 Kf6 30. Bd2 Ke5 31. Bc3+ Kf4 32. Bf6 Be8 33. Bd1 Bf7
34. g3# {Black checkmated} 1-0

[Event "Team 45 45 League T77"]
[Site "Internet Chess Club"]
[Date "2018.07.14"]
[Round "4"]
[White "Skeptic1972"]
[Black "MartyJR"]
[Result "1-0"]
[WhiteElo "1562"]
[BlackElo "1461"]
[Opening "Sicilian: Grand Prix attack"]
[ECO "B23"]
[Time "13:58:42"]
[TimeControl "2700+45"]

1. e4 c5 2. Nc3 Nc6 3. f4 g6 4. Nf3 Bg7 5. d3 d6 6. g3 e6 7. Bg2 Nge7 8. O-O O-O
9. Kh1 Nd4 10. e5 Nxf3 11. Qxf3 dxe5 12. fxe5 Bxe5 13. Bh6 Bg7 14. Bxg7 Kxg7 15.
Ne4 Bd7 16. Nxc5 Bc6 17. Qf6+ Kg8 18. Nxb7 Bxg2+ 19. Kxg2 Qd5+ 20. Qf3 Qxf3+ 21.
Rxf3 Rab8 22. Nd6 Rxb2 23. Kh3 Rxc2 24. Raf1 f5 25. Ne4 Rxa2 26. Ng5 Ra6 27. Re3
Nd5 28. Rxe6 Rxe6 29. Nxe6 Ra8 30. Nf4 a5 31. Nxd5 Rd8 32. Ne7+ Kf7 33. Nc6 Rxd3
34. Nxa5 Ra3 35. Nc4 Ra4 36. Ne3 Re4 37. Rf3 h5 38. Nd5 Rd4 39. Ne3 Re4 40. Kg2
Rd4 41. h4 Rd2+ 42. Rf2 Rxf2+ 43. Kxf2 Kf6 44. Nd5+ Ke5 45. Nf4 Kf6 46. Nh3 Ke5
47. Ke3 Kf6 48. Kf4 Kf7 49. Kg5 Kg7 50. Nf4 Kf7 51. Nxg6 f4 52. Nxf4 Kg7 53.
Nxh5+ {Black resigns} 1-0

[Event "Team 45 45 League T77"]
[Site "Internet Chess Club"]
[Date "2018.07.13"]
[Round "4"]
[White "misuc56"]
[Black "kabindra"]
[Result "0-1"]
[WhiteElo "1502"]
[BlackElo "1698"]
[Opening "King's Indian defense, 3.Nc3"]
[ECO "E61"]
[Time "18:00:47"]
[TimeControl "2700+45"]

1. d4 Nf6 2. c4 g6 3. Nc3 Bg7 4. e3 O-O 5. Bd2 d6 6. Nf3 Bf5 7. Be2 Nc6 8. a3 a5
9. O-O Re8 10. h3 e5 11. d5 Ne7 12. Nh2 c6 13. g4 Bc8 14. e4 cxd5 15. cxd5 b6
16. Rc1 Ba6 17. Bxa6 Rxa6 18. f3 Ra8 19. Be3 Nd7 20. Nb5 Nc5 21. b4 axb4 22.
axb4 Na6 23. Bd2 Rc8 24. Qa4 Nc7 25. Be3 Nxb5 26. Qxb5 Rb8 27. Rc2 f5 28. Rfc1
fxe4 29. fxe4 Kh8 30. Bg5 Rb7 31. Nf3 Qa8 32. Bxe7 Rbxe7 33. Qxb6 Qa3 34. Rc3
Qa2 35. Qf2 Qa4 36. Qb2 Rf7 37. Kg2 Ref8 38. Rf1 Bh6 39. b5 Qxe4 40. b6 Qxd5 41.
b7 Rxb7 42. Qc2 e4 43. Ng1 e3+ 44. Nf3 Rbf7 45. Qe2 Qe4 46. Rcc1 d5 47. Rcd1 Bg7
48. Rd3 d4 49. Kg3 Qf4+ 50. Kg2 Be5 51. Kh1 Qg3 52. Qg2 Rxf3 53. Qxg3 Rxf1+ 54.
Qg1 Rxg1+ 55. Kxg1 e2 56. Re3 {White resigns} 0-1

[Event "Team 45 45 League T77"]
[Site "Internet Chess Club"]
[Date "2018.07.14"]
[Round "4"]
[White "mongmong"]
[Black "BrianWood"]
[Result "1/2-1/2"]
[WhiteElo "1449"]
[BlackElo "1502"]
[Opening "Colle system"]
[ECO "D05"]
[Time "16:14:50"]
[TimeControl "2700+45"]

1. d4 d5 2. Nf3 Nf6 3. e3 e6 4. Bd3 c5 5. c3 Nc6 6. O-O b6 7. Nbd2 Be7 8. Bb5
Bd7 9. Qa4 Qc7 10. Ne5 Nxe5 11. dxe5 {Game drawn by mutual agreement} 1/2-1/2

[Event "Team 45 45 League T77"]
[Site "Internet Chess Club"]
[Date "2018.07.16"]
[Round "4"]
[White "primerpaso"]
[Black "upsan"]
[Result "1-0"]
[WhiteElo "1837"]
[BlackElo "1703"]
[Opening "English opening"]
[ECO "A13"]
[Time "21:00:43"]
[TimeControl "2700+45"]

1. c4 e6 2. Nc3 f5 3. g3 Nf6 4. Bg2 c6 5. d4 d5 6. Nf3 Bd6 7. O-O Qe7 8. Qb3 O-O
9. Bd2 Nbd7 10. Rad1 b6 11. Ng5 Ba6 12. cxd5 exd5 13. Rfe1 Kh8 14. f3 h6 15. Nh3
Qf7 16. e4 Bc4 17. Qc2 fxe4 18. fxe4 Nxe4 19. Nxe4 dxe4 20. Bxe4 Bd5 21. Bf4 Bb4
22. Re2 Rae8 23. Nf2 Bxa2 24. Qxc6 Nf6 25. Bf3 Rxe2 26. Bxe2 Qd5 27. Qxd5 Nxd5
28. Be5 Bb3 29. Ra1 a5 30. Ne4 Rc8 31. Bd3 Bc4 32. Rc1 Ne3 33. b3 Be6 34. Rxc8+
Bxc8 35. Nd6 Be6 36. Ne8 Bxb3 37. Bxg7+ Kg8 38. Bxh6 Nd5 39. Be4 a4 40. Bxd5+
Bxd5 41. Nf6+ Kf7 42. Nxd5 Ba5 43. Bc1 b5 44. Ba3 {Black resigns} 1-0

[Event "Team 45 45 League T77"]
[Site "Internet Chess Club"]
[Date "2018.07.11"]
[Round "4"]
[White "cityprosecutor"]
[Black "VictorRed"]
[Result "1/2-1/2"]
[WhiteElo "1692"]
[BlackElo "1738"]
[Opening "Philidor: exchange variation"]
[ECO "C41"]
[Time "22:17:08"]
[TimeControl "2700+45"]

1. e4 e5 2. Nf3 d6 3. d4 exd4 4. Nxd4 Nf6 5. Nc3 Be7 6. g3 Bg4 7. f3 Bd7 8. Be3
Nc6 9. Bg2 O-O 10. O-O Nxd4 11. Bxd4 Qc8 12. Re1 c5 13. Be3 Rd8 14. Nd5 Nxd5 15.
exd5 Bf6 16. Qc1 Bh3 17. Bg5 Bxg5 18. Qxg5 Qf5 19. Qxf5 Bxf5 20. c4 Re8 21. f4
{Game drawn by mutual agreement} 1/2-1/2

[Event "Team 45 45 League T77"]
[Site "Internet Chess Club"]
[Date "2018.07.12"]
[Round "4"]
[White "Hectormercado"]
[Black "Constrictor"]
[Result "1/2-1/2"]
[WhiteElo "1502"]
[BlackElo "1545"]
[Opening "Caro-Kann: advance variation"]
[ECO "B12"]
[Time "17:21:54"]
[TimeControl "2700+45"]

1. e4 c6 2. d4 d5 3. e5 Bf5 4. h4 h6 5. g4 Bd7 6. Nc3 e6 7. Nf3 c5 8. Ne2 Nc6 9.
c3 cxd4 10. cxd4 Bb4+ 11. Bd2 Qa5 12. a3 Bxd2+ 13. Qxd2 Nge7 14. Nf4 Rc8 15.
Qxa5 Nxa5 16. b4 Nc4 17. Nd2 Nxd2 18. Kxd2 Ba4 19. Bd3 Kd7 20. Rac1 Rxc1 21.
Rxc1 Rc8 22. Rxc8 Kxc8 23. g5 hxg5 24. hxg5 g6 25. b5 Kc7 26. Kc3 Kb6 27. Kb4
Bd1 28. Be2 Bxe2 29. Nxe2 Nf5 30. a4 a5+ 31. Kb3 Nh4 32. Kc3 Nf3 33. Kd3 Nxg5
34. f4 Nh7 35. Ke3 Kc7 36. Kf3 Kd7 37. Kg4 b6 38. Ng1 {Game drawn by mutual
agreement} 1/2-1/2